Map: Dusty Gorge

Players

MonstroTown - Winner!

  • Race: Terran Terran
  • Spawn Location: 9:00

Michael - Winner!

  • Race: Zerg Zerg
  • League: Platinum
  • Spawn Location: 11:00

edddyb

  • Race: Protoss Protoss
  • Spawn Location: 3:00

DearBear

  • Race: Protoss Protoss
  • Spawn Location: 5:00

VOD

Have the link to the VOD?

Description

Time

  • Played on: Oct. 12, 2018, 9:35 p.m.
  • Length: 20:54
Show
View Real Time Build Order
Export as new Build Order

MonstroTown Terran - Winner!

Build Orders:  

Get SALT Encoding   

  12  0:01  SCV  
  13  0:13  SCV  
  14  0:18  Supply Depot  
  14  0:25  SCV  
  15  0:40  SCV  
  15  0:41  Barracks  
  16  0:48  Refinery  
  16  0:52  SCV  
  17  1:04  SCV  
  18  1:16  SCV  
  19  1:19  Barracks  
  19  1:30  Orbital Command  
  19  1:33  Reaper  
  20  1:52  Supply Depot  
  20  1:57  SCV  
  21  2:17  Barracks Tech Lab  
  21  2:19  Command Center  
  21  2:25  Factory  
  21  2:29  Marine  
  22  2:42  SCV  
  23  2:47  Marauder  
  25  2:51  Refinery  
  25  2:54  SCV  
  26  3:06  SCV  
  27  3:17  Marine  
  27  3:18  SCV, Marauder  
  27  3:19  Factory Tech Lab  
  31  3:29  Supply Depot  
  31  3:30  Supply Depot  
  31  3:31  SCV  
  31  3:33  Stimpack  
  32  3:37  Barracks Reactor  
  31  3:52  Orbital Command  
  33  3:58  Siege Tank  
  34  4:03  SCV  
  34  4:09  Marauder  
  37  4:15  SCV  
  37  4:16  Marine x2  
  40  4:19  SCV  
  41  4:30  Marine  
  42  4:34  Marine  
  42  4:37  Marine  
  44  4:38  Siege Tank  
  44  4:39  SCV  
  44  4:40  SCV  
  44  4:45  Engineering Bay  
  49  4:49  Marauder  
  49  4:52  Marine  
  52  4:55  SCV x2, Marine  
  55  5:21  Marine x2  
  55  5:22  Siege Tank, Marauder  
  55  5:26  Starport  
  62  5:39  Marine  
  63  5:44  SCV x2  
  63  5:45  Terran Infantry Weapons Level 1  
  63  5:47  Marauder  
  67  5:50  Barracks  
  67  5:52  Barracks  
  67  5:55  Engineering Bay  
  67  5:56  SCV, Barracks  
  68  6:04  Marine  
  69  6:13  Siege Tank, Supply Depot  
  69  6:14  Marauder  
  74  6:27  Marine x2  
  74  6:29  Medivac  
  74  6:31  Missile Turret  
  78  6:40  Marauder  
  80  6:50  Marine x2  
  82  7:01  Siege Tank  
  85  7:02  Command Center  
  85  7:15  Marine  
  86  7:20  Supply Depot x2, Marine  
  86  7:21  Marauder  
  89  7:23  Barracks Reactor x2  
  80  7:49  Armory  
  80  8:01  Marine x4  
  80  8:02  Marine  
  85  8:05  Supply Depot  
  85  8:11  Supply Depot  
  85  8:13  Supply Depot  
  85  8:16  Missile Turret  
  61  8:36  Marine x2  
  61  8:37  Marine x2  
  61  8:38  Marine x2  
  53  9:18  Missile Turret  
  53  9:22  Marine  
  53  9:23  Marine x4  
  58  9:27  Missile Turret  
  58  9:29  Marine x2  
  54  9:31  Missile Turret  
  54  9:32  Missile Turret, Marine  
  54  9:35  Missile Turret  
  52  9:40  Siege Tank, Marine  
  52  9:41  Marine x2  
  52  9:45  Orbital Command  
  58  9:47  SCV x2  
  58  9:48  Marine  
  58  9:49  Marine x3  
  58  9:50  Marine  
  65  9:55  Starport Reactor  
  65  9:59  SCV  
  66  10:00  Marine x2  
  66  10:01  Marine  
  66  10:06  Marine x2  
  66  10:07  Marine  
  68  10:32  Viking x2  
  68  10:34  Siege Tank, Marine  
  68  10:35  Missile Turret, Marine x6  
  79  10:36  Missile Turret, Marine  
  83  10:49  SCV x3  
  86  10:52  Marine x2  
  86  10:53  Marine x2  
  86  10:56  Missile Turret  
  90  11:01  SCV x3  
  93  11:11  Starport  
  93  11:16  Refinery  
  93  11:17  Refinery  
  93  11:28  Marine x4  
  93  11:29  Marine x3  
  100  11:39  Barracks x2  
  100  11:40  Marine, Barracks  
  100  11:46  Marine x2  
  103  11:48  Viking x2  
  103  11:51  Starport Reactor  
  107  11:55  SCV x2  
  78  12:39  Marine x4  
  78  12:40  Marine x4  
  78  12:41  Viking x2  
  78  12:42  Viking x2  
  93  12:48  Terran Infantry Armor Level 1  
  93  12:57  Refinery x2, Marine  
  94  13:00  Marine x4  
  94  13:01  Marine x6  
  94  13:04  Thor  
  110  13:15  Marine  
  110  13:18  Marine x5  
  116  13:22  Barracks  
  116  13:25  Barracks, Marine  
  116  13:26  Viking x2  
  116  13:27  Viking  
  122  13:36  SCV  
  122  13:37  SCV x2  
  125  13:44  Marine x6  
  125  13:45  Marine  
  132  13:48  SCV  
  132  13:49  SCV x2  
  132  13:50  Supply Depot  
  132  13:51  Supply Depot  
  132  13:52  Marine x3  
  138  13:59  Marine  
  138  14:01  SCV, Marine  
  138  14:02  Viking, Marine  
  144  14:06  SCV x2  
  146  14:13  SCV  
  147  14:17  Supply Depot  
  147  14:20  Supply Depot  
  144  14:43  Viking x3  
  144  14:44  Marine x4  
  144  14:45  Marine x5  
  151  14:46  Marine  
  151  14:47  Terran Ship Weapons Level 1  
  154  14:54  Marine  
  154  14:55  Viking  
  157  15:02  Marine  
  157  15:04  Marine x4  
  157  15:05  Marine  
  163  15:13  Viking, Marine  
  163  15:14  Marine x4  
  170  15:25  Viking  
  170  15:26  Viking  
  174  15:30  SCV  
  175  15:47  Viking  
  177  15:52  Command Center  
  122  16:13  Viking  
  122  16:14  Viking x2  
  122  16:17  Viking, Marine x3  
  122  16:23  Marine x3  
  125  16:38  Marine x2  
  125  16:39  Marine x6  
  132  16:41  Marine  
  132  16:43  Viking  
  135  16:47  Viking  
  108  17:02  Viking x2  
  112  17:12  Marine x6  
  118  17:17  Marine x2  
  120  17:24  SCV  
  120  17:25  SCV x2  
  123  17:44  Terran Infantry Armor Level 2, Terran Infantry Weapons Level 2  
  119  18:18  Marine x4  
  121  18:29  Marine x5  
  121  18:30  Marine x2  
  118  18:50  Marine x5  
  118  18:51  Marine x5  
  118  18:52  Marine  
  129  18:59  Viking x2  
  129  19:00  Viking x2  
  137  19:08  Marine x5  
  142  19:12  Marine x4  
  142  19:13  Marine  
  147  19:17  SCV x2  
  147  19:18  SCV  
  150  19:27  Marine x6  
  150  19:29  Thor  
  150  19:30  Marine x2  
  163  19:37  Viking x4  
  153  20:06  Marine x3  
  153  20:07  Marine x6  
  150  20:08  Marine x2  
  150  20:09  Viking x4  
  159  20:24  Marine x5  
  159  20:25  Marine  
Show
View Real Time Build Order
Export as new Build Order

Michael Zerg - Winner!

Build Orders: Hatch First 

Get SALT Encoding   

  12  0:03  Drone  
  13  0:12  Overlord  
  13  0:18  Drone  
  14  0:31  Drone x2  
  16  0:35  Drone  
  17  0:46  Drone  
  18  1:00  Hatchery  
  18  1:02  Drone  
  18  1:09  Extractor  
  17  1:17  Spawning Pool  
  16  1:21  Drone  
  16  1:24  Drone  
  18  1:29  Drone  
  19  1:40  Drone  
  20  1:50  Overlord  
  20  2:05  Queen  
  22  2:11  Metabolic Boost  
  22  2:13  Queen  
  24  2:16  Zergling x4  
  24  2:19  Zergling x2  
  27  2:29  Drone x2  
  29  2:33  Drone  
  30  2:38  Drone  
  30  2:39  Spine Crawler  
  30  2:58  Queen  
  30  2:59  Drone x3  
  30  3:04  Overlord  
  35  3:10  Overlord  
  35  3:22  Roach Warren  
  35  3:26  Queen  
  36  3:30  Zergling x2  
  36  3:31  Zergling x2  
  38  3:44  Zergling x8  
  38  3:45  Zergling x2  
  43  3:54  Drone x4  
  47  4:10  Lair  
  47  4:11  Drone  
  47  4:12  Drone x3  
  47  4:15  Overlord  
  51  4:21  Overlord  
  49  4:30  Roach  
  50  4:31  Overlord  
  50  4:36  Roach  
  50  4:37  Roach x2  
  56  4:40  Roach  
  56  4:42  Roach  
  60  4:46  Roach  
  55  5:23  Roach x9  
  73  5:36  Queen  
  73  5:38  Drone  
  73  5:40  Overlord  
  73  5:41  Overlord x2  
  76  5:57  Hatchery  
  75  6:10  Drone x2  
  77  6:15  Extractor, Drone x4  
  77  6:18  Extractor  
  79  6:19  Extractor  
  79  6:20  Spore Crawler  
  79  6:21  Spore Crawler  
  79  6:22  Drone  
  79  6:23  Drone, Spine Crawler  
  79  6:24  Drone x2  
  79  6:34  Spire  
  79  6:35  Drone x3  
  79  6:38  Overlord x2  
  81  6:41  Drone  
  81  6:45  Drone  
  81  6:46  Drone  
  84  6:57  Drone  
  84  6:58  Drone x4  
  84  6:59  Drone  
  84  7:00  Drone x2  
  92  7:09  Queen  
  92  7:10  Queen  
  98  7:17  Hydralisk Den  
  97  7:23  Infestation Pit  
  97  7:26  Burrow  
  94  7:35  Drone x4  
  94  7:36  Drone x5  
  103  7:40  Ravager x3  
  106  7:55  Muscular Augments  
  106  7:56  Overlord x5  
  106  8:14  Queen  
  106  8:18  Hydralisk x5  
  106  8:19  Hydralisk  
  118  8:34  Hydralisk  
  118  8:35  Hydralisk x2  
  124  8:47  Extractor  
  124  8:48  Extractor  
  122  8:49  Spore Crawler x2  
  122  8:51  Spine Crawler x2  
  122  8:52  Spore Crawler  
  117  8:58  Hydralisk x4  
  117  8:59  Hydralisk  
  127  9:09  Hydralisk x2  
  127  9:12  Hydralisk  
  127  9:15  Zergling x26  
  146  9:34  Overlord x6  
  146  9:58  Swarm Host  
  146  9:59  Swarm Host x2  
  164  10:08  Drone x3  
  164  10:10  Drone x2  
  164  10:11  Drone  
  170  10:33  Hydralisk x8  
  103  11:28  Hydralisk x9  
  103  11:29  Hydralisk x6  
  130  11:38  Hive  
  127  11:40  Grooved Spines  
  127  11:49  Hydralisk  
  127  11:50  Hydralisk x2  
  133  11:54  Hatchery  
  90  12:30  Hydralisk x13  
  116  12:39  Hydralisk x3  
  122  12:51  Greater Spire  
  122  13:02  Hydralisk x4  
  130  13:15  Hydralisk  
  130  13:16  Hydralisk x3  
  130  13:17  Hydralisk  
  140  13:24  Hydralisk x2  
  144  13:29  Queen  
  146  13:36  Drone x2  
  146  13:39  Drone x10  
  158  13:57  Evolution Chamber  
  158  13:59  Evolution Chamber  
  156  14:05  Drone x2  
  156  14:06  Extractor x2, Drone  
  156  14:08  Corruptor x3  
  163  14:25  Hydralisk  
  163  14:26  Hydralisk x4  
  149  14:42  Hydralisk x6  
  161  15:00  Hydralisk x4  
  161  15:01  Hydralisk x2  
  173  15:08  Corruptor  
  173  15:09  Corruptor  
  173  15:11  Corruptor  
  179  15:26  Overlord  
  179  15:27  Overlord x4  
  179  15:29  Overseer x2  
  179  15:46  Spine Crawler  
  179  15:47  Spore Crawler  
  177  15:52  Hatchery  
  102  16:13  Corruptor x6  
  114  16:20  Corruptor  
  116  16:49  Brood Lord x2  
  118  17:03  Corruptor x7  
  132  17:13  Brood Lord  
  132  17:14  Corruptor  
  136  17:24  Corruptor  
  136  17:25  Corruptor  
  118  18:12  Corruptor  
  108  18:13  Corruptor x7  
  116  18:22  Corruptor  
  118  18:51  Brood Lord  
  118  18:53  Brood Lord  
  118  18:54  Corruptor x2  
  126  19:05  Corruptor  
  126  19:06  Corruptor  
  130  19:35  Brood Lord  
  130  19:36  Brood Lord  
  130  19:37  Brood Lord x2  
Show
View Real Time Build Order
Export as new Build Order

edddyb Protoss 

Build Orders:  

Get SALT Encoding   

  12  0:02  Probe  
  13  0:14  Probe  
  14  0:24  Probe, Pylon  
  15  0:39  Probe  
  16  0:48  Gateway  
  16  1:01  Gateway  
  16  1:02  Probe  
  16  1:07  Pylon  
  16  1:10  Probe  
  17  1:12  Assimilator  
  18  1:26  Assimilator  
  18  1:27  Probe  
  19  1:36  Cybernetics Core  
  19  1:41  Probe  
  19  1:45  Zealot  
  22  1:48  Zealot  
  24  2:01  Probe  
  25  2:17  Gateway  
  25  2:20  Zealot  
  25  2:21  Zealot  
  27  2:57  Pylon  
  27  3:01  Probe  
  27  3:02  Forge  
  27  3:04  Stalker  
  30  3:09  Warp Gate  
  30  3:21  Adept x2  
  34  3:43  Photon Cannon  
  34  3:59  Photon Cannon  
  34  4:04  Photon Cannon  
  34  4:18  Nexus  
  34  4:36  Photon Cannon  
  34  4:41  Pylon  
  32  5:39  Robotics Facility  
  32  5:42  Probe  
  32  5:43  Robotics Facility  
  32  5:46  Probe  
  33  5:54  Probe  
  35  6:04  Probe  
  35  6:05  Stalker x3  
  42  6:16  Probe  
  43  6:23  Immortal  
  43  6:26  Immortal  
  43  6:28  Probe  
  52  6:47  Probe  
  53  6:54  Assimilator  
  53  6:55  Probe  
  53  6:58  Assimilator  
  54  7:05  Probe  
  55  7:09  Immortal  
  55  7:14  Pylon  
  59  7:17  Probe  
  60  7:24  Immortal  
  60  7:29  Probe  
  65  7:41  Probe  
  66  8:02  Stalker x2  
  48  8:35  Stalker x3  
  48  8:38  Immortal  
  54  8:59  Probe  
  54  9:07  Probe  
  56  9:17  Probe  
  57  9:29  Probe  
  58  9:41  Probe  
  59  9:57  Robotics Bay  
  59  10:00  Immortal x2  
  67  10:15  Nexus  
  67  10:36  Pylon  
  67  10:40  Pylon  
  67  10:53  Colossus  
  73  10:58  Colossus  
  77  11:36  Stalker x3  
  77  11:38  Probe  
  83  11:46  Probe, Assimilator  
  84  11:50  Assimilator  
  85  11:56  Probe  
  86  12:08  Probe  
  87  12:20  Probe  
  88  12:24  Colossus  
  88  12:25  Colossus  
  78  12:33  Stalker x3  
  72  13:03  Pylon  
  72  13:09  Photon Cannon  
  72  13:33  Photon Cannon  
  72  13:35  Photon Cannon  
  72  13:36  Photon Cannon  
  72  13:43  Stalker x2  
  72  13:44  Stalker  
  72  13:46  Photon Cannon, Colossus  
  72  13:47  Colossus  
  90  14:14  Stalker  
  90  14:15  Stalker x2  
  95  14:50  Stalker  
  95  14:51  Stalker x2, Extended Thermal Lance  
  101  15:20  Pylon  
  101  15:22  Pylon  
  101  15:23  Pylon  
  101  15:34  Probe  
  101  15:37  Colossus  
  101  15:39  Colossus  
  101  15:42  Probe  
  114  15:46  Gateway  
  115  15:52  Probe  
  102  16:04  Probe  
  73  16:13  Stalker x3  
  73  16:16  Probe  
  57  17:02  Stalker x2  
  57  17:03  Stalker  
  57  17:13  Gateway  
  57  17:16  Pylon  
  57  17:18  Pylon  
  57  17:39  Stalker  
  57  17:40  Stalker x2, Gateway  
  57  17:41  Stalker  
  65  17:46  Disruptor  
  65  17:48  Disruptor  
  65  18:16  Stalker  
  65  18:17  Stalker x2  
  65  18:18  Stalker  
Show
View Real Time Build Order
Export as new Build Order

DearBear Protoss 

Build Orders:  

Get SALT Encoding   

  12  0:01  Probe  
  13  0:13  Probe  
  14  0:21  Pylon  
  14  0:25  Probe  
  15  0:36  Probe  
  15  0:41  Gateway  
  16  0:44  Probe  
  17  0:53  Probe  
  18  1:03  Probe  
  18  1:10  Pylon  
  19  1:11  Probe  
  19  1:13  Assimilator  
  20  1:20  Probe, Assimilator  
  21  1:29  Cybernetics Core  
  21  1:32  Probe  
  22  1:44  Probe  
  23  1:52  Gateway  
  23  1:54  Warp Gate  
  23  1:55  Pylon  
  23  1:56  Probe  
  23  2:00  Pylon  
  24  2:08  Probe  
  25  2:13  Adept  
  27  2:29  Probe  
  28  2:35  Gateway  
  28  2:41  Probe  
  28  2:42  Gateway  
  29  2:48  Adept  
  30  2:59  Forge  
  30  3:09  Sentry  
  32  3:16  Sentry  
  34  3:28  Sentry  
  34  3:30  Sentry  
  38  3:35  Adept  
  40  4:06  Pylon  
  40  4:08  Pylon  
  40  4:11  Adept  
  40  4:12  Adept x2  
  46  4:25  Photon Cannon  
  46  4:29  Photon Cannon  
  46  4:34  Photon Cannon  
  46  4:44  Nexus  
  40  5:32  Probe  
  41  5:35  Pylon  
  41  5:38  Pylon  
  41  5:40  Stargate  
  41  5:41  Sentry x2  
  45  5:42  Pylon  
  45  5:43  Stargate  
  45  5:44  Probe  
  45  5:45  Stalker  
  45  5:46  Assimilator  
  48  5:52  Assimilator  
  48  5:56  Probe  
  49  6:09  Probe  
  49  6:10  Probe  
  50  6:18  Probe  
  51  6:21  Probe, Stalker x3  
  59  6:27  Probe  
  60  6:39  Probe  
  61  6:43  Void Ray  
  61  6:44  Void Ray  
  69  6:48  Probe  
  69  6:50  Probe  
  71  6:56  Probe  
  71  6:58  Probe  
  72  7:04  Probe  
  72  7:06  Probe  
  75  7:16  Probe  
  75  7:18  Probe  
  75  7:20  Adept  
  75  7:21  Adept  
  75  7:22  Stalker x2  
  85  7:52  Void Ray x2  
  93  7:59  Stargate  
  93  8:04  Pylon  
  93  8:07  Fleet Beacon  
  59  8:35  Stalker x4  
  67  8:59  Mothership  
  75  9:45  Void Ray  
  75  9:46  Void Ray x2  
  75  9:49  Protoss Air Weapons Level 1  
  83  10:22  Nexus  
  83  10:24  Assimilator  
  79  10:29  Assimilator  
  79  10:33  Carrier x2, Pylon  
  91  10:36  Pylon  
  81  11:38  Carrier  
  87  11:59  Carrier x2  
  91  12:18  Graviton Catapult  
  71  12:32  Protoss Air Armor Level 1  
  71  12:42  Probe  
  71  12:44  Cybernetics Core  
  71  12:50  Probe  
  73  13:00  Probe  
  80  13:06  Anion Pulse-Crystals  
  80  13:08  Phoenix  
  80  13:09  Pylon  
  76  13:26  Probe  
  76  13:33  Phoenix  
  79  13:34  Probe  
  80  13:43  Probe  
  80  13:45  Photon Cannon  
  80  13:47  Carrier  
  87  13:50  Photon Cannon  
  87  13:52  Pylon  
  87  13:55  Pylon  
  87  13:56  Probe  
  87  13:58  Phoenix  
  90  14:16  Probe  
  91  14:23  Phoenix  
  93  14:28  Probe  
  94  14:46  Carrier  
  94  14:48  Phoenix  
  94  14:52  Stargate  
  102  14:53  Stargate  
  102  14:59  Protoss Air Weapons Level 2  
  102  15:01  Protoss Shields Level 1  
  102  15:13  Phoenix  
  104  15:23  Carrier  
  104  15:27  Protoss Air Armor Level 2  
  110  15:38  Phoenix  
  84  16:16  Void Ray x2  
  84  16:17  Void Ray  
  90  16:24  Zealot x2  
  90  16:25  Zealot  
  96  16:29  Void Ray  
  76  17:04  Phoenix x2  
  76  17:05  Phoenix x2  
  84  17:23  Phoenix  
  86  17:32  Phoenix x4  
  30  18:21  Phoenix x2  
  30  18:22  Phoenix  
  32  18:51  Nexus  
  32  18:55  Assimilator, Phoenix x2  
  34  18:59  Assimilator  
  34  19:01  Phoenix, Pylon  
  34  19:02  Phoenix x2  
  42  19:04  Pylon  
  42  19:08  Pylon  
  42  19:20  Phoenix x2  
  46  19:26  Phoenix x2  
  46  19:27  Phoenix  
Tags
 
Add a new tag
Caveats
  • Supply blocks, unpowered buildings, or Contaminate may cause inaccurate times.
  • Supply counts are checked every 10 seconds.